 Dungeon Crawl Stone Soup version 0.27-a0-1291-geefcff550b (webtiles) character file.

Game seed: 6671145961546341279

55 thriggle the Cudgeller (level 3, -2/36 HPs)
             Began as a Troll Monk on June 15, 2021.
             Was a Believer of Yredelemnul.
             Slain by a steam dragon (3 damage)
             ... on level 3 of the Dungeon.
             The game lasted 00:04:03 (2111 turns).

thriggle the Cudgeller (Troll Monk)                 Turns: 2111, Time: 00:04:10

Health: -2/36      AC:  4    Str: 19    XL:     3   Next: 67%
Magic:  0/2        EV: 10    Int:  6    God:    Yredelemnul [**....]
Gold:   71         SH:  0    Dex: 13    Spells: 2/2 levels left

rFire    . . .     SeeInvis .   n - +1 flail (vorpal)
rCold    . . .     Faith    .   (no shield)
rNeg     . . .     Spirit   .   b - +0 robe
rPois    .         Reflect  .   (helmet restricted)
rElec    .         Harm     .   d - scarf {repulsion}
rCorr    .         Rampage  .   (gloves unavailable)
Will     .....                  (boots unavailable)
Stlth    ++........             (no amulet)
HPRegen  1.12/turn              (no ring)
MPRegen  0.08/turn              (no ring)

@: mirroring injuries, repel missiles
A: large, unfitting armour, claws 3, regeneration 1, shaggy fur 1, tough skin 1
a: Renounce Religion, Animate Remains, Recall Undead Slaves, Injury Mirror


You were on level 3 of the Dungeon.
You worshipped Yredelemnul.
Yredelemnul was pleased with you.
You visited 1 branch of the dungeon, and saw 3 of its levels.

You collected 71 gold pieces.

Inventory:

Hand Weapons
 a - a +0 mace
 n - a +1 vorpal flail (weapon)
Missiles
 c - 14 poisoned darts (quivered)
 f - 73 stones
Armour
 b - a +0 robe (worn)
 d - a scarf of repulsion (worn)
Wands
 o - a wand of digging (6)
Scrolls
 e - a scroll of identify
 g - a scroll of noise
 h - a scroll of holy word {unknown}
 j - a scroll of silence {unknown}
 m - a scroll of enchant armour {unknown}
Potions
 i - a potion of flight {unknown}
 k - a potion of heal wounds {unknown}
 l - a potion of lignification {unknown}


   Skills:
 + Level 2.7 Fighting
 + Level 3.0 Maces & Flails
 + Level 1.0 Throwing
 + Level 2.8 Dodging
 + Level 1.2 Stealth
 + Level 0.9 Invocations


You had 2 spell levels left.
You didn't know any spells.
Your spell library was empty.

Dungeon Overview and Level Annotations

Branches:
Dungeon (3/15)

Altars:
Yredelemnul


Innate Abilities, Weirdness & Mutations

You are too large for most types of armour.
You have claws for hands.
Your natural rate of healing is unusually fast.
You are covered in fur. (AC +1)
You have tough skin. (AC +1)


Message History

There is an open door here.
There is an open door here.
Found a stone staircase leading up.
Found a mace.
A steam dragon and an endoplasm come into view.
Found 8 gold pieces.
The steam dragon hisses angrily.
You see here a wand of digging (6).
o - a wand of digging (6)
You begin recalling your allies.
Your kobold zombie is recalled.
Your orc zombie is recalled.
You finish recalling your allies.
The steam dragon breathes steam at you. The ball of steam hits you!
Your kobold zombie hits something with a +0 dagger.
You hear a shout!
The steam dragon bites you. The steam dragon claws you.
You closely miss the steam dragon.
The steam dragon is lightly wounded.
Your orc zombie hits the steam dragon but does no damage.
The endoplasm is engulfed in a cloud of scalding steam.
The endoplasm freezes you.
You are frozen.
A hobgoblin comes into view.
The steam dragon bites you!
* * * LOW HITPOINT WARNING * * *
The steam dragon claws you.
* * * LOW HITPOINT WARNING * * *
Your kobold zombie hits the steam dragon but does no damage.
Your orc zombie hits the steam dragon but does no damage.
Okay, then.
You offer yourself to Yredelemnul, and are filled with unholy energy.
The endoplasm hits you.
* * * LOW HITPOINT WARNING * * *
Yredelemnul mirrors your injury!
You kill the endoplasm!
Yredelemnul accepts your kill. The steam dragon closely misses you.
The steam dragon claws you.
You die...
Your body rises from the dead as a mindless zombie.

)... #. ..#..########
....<........
..#.########. ##.#.# #.
..#.# #.
############.#.### #.
...........g.#...######Z
#..ZD@..##............
#...Z...##...#.######.
#$......##...#.# #.
##########...#.# #.
#.#.#.# #. #...... #.
###..## #. #... #. #.#.


You could see a steam dragon (ally target), a hobgoblin, a friendly kobold
zombie and a friendly orc zombie.

Vanquished Creatures
  An adder (D:2)
  A worm (D:2)
  An orc (D:3)
  3 ball pythons
  8 endoplasms
  5 goblins
  A hobgoblin (D:2)
  5 jackals (D:1)
  4 kobolds
  A quokka (D:2)
  4 bats
  2 frilled lizards
  4 rats
40 creatures vanquished.

Notes
Turn   | Place    | Note
-------+----------+-------------------------------------------
     0 | D:1      | thriggle the Troll Monk began the quest for the Orb.
     0 | D:1      | Reached XP level 1. HP: 22/22 MP: 0/0
   170 | D:1      | Reached XP level 2. HP: 29/29 MP: 1/1
  1295 | D:2      | Reached XP level 3. HP: 34/36 MP: 2/2
  1591 | D:2      | Found a faded altar of an unknown god.
  1682 | D:2      | Became a worshipper of Yredelemnul the Dark
  1682 | D:2      | Reached * piety under Yredelemnul
  1682 | D:2      | Reached ** piety under Yredelemnul
  1912 | D:3      | Reached skill level 1 in Throwing
  1980 | D:3      | Reached skill level 3 in Maces & Flails
  2104 | D:3      | Noticed a steam dragon
  2111 | D:3      | HP: 1/36 [endoplasm (2)]
  2111 | D:3      | Slain by a steam dragon

Illustrated notes

Levels and vault maps discovered:
D:1:      evilmike_arrival_rings, layout_basic, chequers_serial_rivers_micro_c,
          corexii_item_surrounded_by_moat, minmay_hexomino_p4
D:2:      layout_loops_cross, hellmonk_ecumenical_altar_prayer_group
D:3:      layout_basic

Skill      XL: |  1  2  3 |
---------------+----------+-----
Throwing       | 1 |  1.0
Maces & Flails | 3 |  3.0
Fighting       | |  2.7
Dodging        | |  2.8
Stealth        | |  1.2
Invocations    | |  0.9

Action                   || total
-------------------------++-------
Melee: Mace              ||   119
       Flail             ||     1
Invok: Animate Remains   ||     3
       Injury Mirror     ||     1
       Recall Undead Sla ||     1
  Use: Scroll            ||     1
       Potion            ||     1
 Stab: Sleeping          ||     4
Armor: Robe              ||    65
Dodge: Dodged            ||    85

Table legend: (Time is in decaauts)
 A = Elapsed time spent in this place.
 B = Non-inter-level travel time spent in this place.
 C = Inter-level travel time spent in this place.
 D = Time resting spent in this place.
 E = Time spent auto-exploring this place.
 F = Levels seen in this place.
 G = Mean time per level.
                   A        B        C        D        E       F      G
               +--------+--------+--------+--------+--------+-----+--------+
         Total |   2142 |   2064 |     78 |    124 |   1512 |   3 |  714.0 |
       Dungeon |   2142 |   2064 |     78 |    124 |   1512 |   3 |  714.0 |
               +--------+--------+--------+--------+--------+-----+--------+

Top non-repeatable levels by time:
     D:2: 949 daAuts
     D:1: 931 daAuts
     D:3: 261 daAuts
